 Dungeon Crawl Stone Soup version 0.30-a0-1160-g6e42c06551 (webtiles) character file.

Game seed: 14184877569004025430

14 qeuew the Trooper (level 2, -2/24 HPs)
             Began as a Demonspawn Chaos Knight on Apr 26, 2023.
             Was a Follower of Cheibriados.
             Succumbed to a goblin's poison
             ... on level 1 of the Dungeon.
             The game lasted 00:00:47 (321 turns).

qeuew the Trooper (Demonspawn Chaos Knight)          Turns: 321, Time: 00:00:48

Health: -2/24      AC:  5    Str: 14    XL:     2   Next: 27%
Magic:  2/2        EV: 11    Int: 15    God:    Cheibriados [*.....]
Gold:   44         SH:  4    Dex: 14    Spells: 1/1 levels left

rFire   . . .        a - +0 mace (chaos)
rCold   . . .        (no shield)
rNeg    . . .        b - +2 leather armour
rPois   .            (no helmet)
rElec   .            (no cloak)
rCorr   .            (no gloves)
SInv    .            (no boots)
Will    .....        (no amulet)
Stlth   +            (no ring)
HPRegen 0.24/turn    (no ring)
MPRegen 0.08/turn

%: no passive effects
@: lethally poisoned (-2 -> -26), very slow
A: condensation shield
a: Renounce Religion, Bend Time


You were on level 1 of the Dungeon.
You worshipped Cheibriados.
Cheibriados was aware of your devotion.
You visited 1 branch of the dungeon, and saw 1 of its levels.

You collected 44 gold pieces.

Inventory:

Hand Weapons
 a - a +0 mace of chaos (weapon)
Armour
 b - a +2 leather armour (worn)
Potions
 d - a potion of curing {unknown}
Miscellaneous
 c - a piece from Xom's chessboard (15/15) (quivered)


   Skills:
 + Level 3.1 Fighting
 + Level 2.8 Maces & Flails
 + Level 2.0 Armour
 + Level 1.1 Dodging
 + Level 0.6 Evocations


You had one spell level left.
You didn't know any spells.
Your spell library was empty.

Dungeon Overview and Level Annotations

Branches:
Dungeon (1/15)

Altars:
Cheibriados


Innate Abilities, Weirdness & Mutations

A meltable shield of frost defends you. (SH +4)


Message History

[Y]es or [N]o only, please.
Really attack while wielding your +0 mace of chaos?
This could place you under penance! [Y]es or [N]o only, please.
Really attack while wielding your +0 mace of chaos?
This could place you under penance! [Y]es or [N]o only, please.
Really attack while wielding your +0 mace of chaos?
This could place you under penance!
Okay, then.
Really attack while wielding your +0 mace of chaos?
This could place you under penance!
You barely miss the goblin. The bat closely misses you.
The goblin hits you but does no damage.
You are poisoned.
You barely miss the goblin.
You feel sick. The bat hits you but does no damage.
The goblin hits you but does no damage.
You are more poisoned.
There are monsters nearby!
You completely miss the goblin.
You feel very sick. You block the bat's attack.
The goblin hits you but does no damage.
You are lethally poisoned!
The goblin closely misses you.
You barely miss the goblin.
You feel very sick. The bat hits you but does no damage.
The bat barely misses you. The goblin hits you but does no damage.
You are more poisoned.
Cheibriados thinks you should slow down.
You feel guilty.
You hit the goblin but do no damage.
You feel very sick. The bat closely misses you. You block the bat's attack.
The goblin hits you but does no damage.
You are more poisoned.
Cheibriados thinks you should slow down.
You feel guilty.
You hit the goblin.
You kill the goblin!
Cheibriados appreciates the change of pace.
* * * LOW HITPOINT WARNING * * *
You feel very sick. The bat barely misses you.
You die...
Xom roars with laughter!

..# #.# #########
#.# ........# #.#
#######.# #.#
####.##.# # #.#
......#.#####.##)###
.......>....#...@..#
...#.#..###.####..##
##.#.#..........b.#
##.#.##.###.#...#.#
.#.#.##.#.#.#.#.#.#
.#.#.##.#.....#.#.##
.#.#.##†#.#.#......#
.#.#.##.#.#.#.###.##
...#.##...#.#)....#


You could see a bat.

Vanquished Creatures
  2 ball pythons (D:1)
  2 endoplasms (D:1)
  2 goblins (D:1)
  A hobgoblin (D:1)
  A jackal (D:1)
  3 bats (D:1)
11 creatures vanquished.

Notes
Turn   | Place    | Note
-------+----------+-------------------------------------------
     0 | D:1      | qeuew the Demonspawn Chaos Knight began the quest for the
                  | Orb.
     0 | D:1      | Reached XP level 1. HP: 18/18 MP: 1/1
    59 | D:1      | XOM: silly message
    90 | D:1      | XOM: smoke on damage
    93 | D:1      | Reached skill level 1 in Dodging
   215 | D:1      | Gained mutation: A meltable shield of frost defends you.
                  | (SH +4) [demonic ancestry]
   215 | D:1      | Reached XP level 2. HP: 24/24 MP: 2/2
   229 | D:1      | Found a faded altar of an unknown god.
   263 | D:1      | Prayed at the altar of an unknown god.
   263 | D:1      | Fell from the grace of Xom
   263 | D:1      | Became a worshipper of Cheibriados the Contemplative
   263 | D:1      | Reached * piety under Cheibriados
   321 | D:1      | Succumbed to a goblin's poison

Illustrated notes

Levels and vault maps discovered:
D:1:      dpeg_arrival_refuge, layout_basic, serial_shops, shop,
          ebering_ecumenical_altar_mist

Skill      XL: |  1  2 |
---------------+-------+-----
Dodging        | 1 |  1.1
Armour         | 2 |  2.0
Fighting       | |  3.1
Maces & Flails | |  2.8
Evocations     | |  0.6

Action                     || total
---------------------------++-------
  Melee: Mace              ||    28
 Armour: Leather armour    ||    18
  Dodge: Dodged            ||    15
  Block: Other             ||     5

Table legend: (Time is in decaauts)
 A = Elapsed time spent in this place.
 B = Non-inter-level travel time spent in this place.
 C = Inter-level travel time spent in this place.
 D = Time resting spent in this place.
 E = Time spent auto-exploring this place.
 F = Levels seen in this place.
 G = Mean time per level.
                   A        B        C        D        E       F      G
               +--------+--------+--------+--------+--------+-----+--------+
         Total |    341 |    330 |     11 |      0 |    252 |   1 |  341.0 |
       Dungeon |    341 |    330 |     11 |      0 |    252 |   1 |  341.0 |
               +--------+--------+--------+--------+--------+-----+--------+

Top non-repeatable levels by time:
     D:1: 341 daAuts
